 Dungeon Crawl Stone Soup version 0.31-a0-702-gf82c85558f (webtiles) character file.

Game seed: 7838027497047760682

862 qw the Skirmisher (level 8, -9/50 HPs)
             Began as a Gargoyle Hunter on Sept 7, 2023.
             Mangled by a gnoll
             ... wielding a +0 halberd
             ... led by a gnoll bouda
              (13 damage)
             ... on level 5 of the Dungeon.
             The game lasted 00:01:28 (3158 turns).

qw the Skirmisher (Gargoyle Hunter)                 Turns: 3158, Time: 00:01:28

Health: -9/50      AC:  9    Str: 15    XL:     8   Next: 2%
Magic:  8/8        EV: 12    Int: 10    God:
Gold:   82         SH:  0    Dex: 15    Spells: 7/7 levels left

rFire   + . .        Y - +2 shortbow
rCold   + . .        (shield currently unavailable)
rNeg    + . .        b - +2 robe {rC+ rF+}
rPois   inf          (no helmet)
rElec   +            (no cloak)
rCorr   .            (no gloves)
SInv    .            (no boots)
Will    .....        k - amulet of the acrobat
Stlth   ++           (no ring)
HPRegen 0.28/turn    (no ring)
MPRegen 0.11/turn

%: acrobat
@: about to teleport
A: sickness immunity, AC +5, negative energy resistance 1, electricity
resistance, torment resistance 1, petrification resistance
a: no special abilities


You were on level 5 of the Dungeon.
You visited 1 branch of the dungeon, and saw 5 of its levels.

You collected 207 gold pieces.
You spent 125 gold pieces at shops.


Innate Abilities, Weirdness & Mutations

You are immune to sickness and miasma.
Your stone body is resilient. (AC +5)
You are immune to poison.
You resist negative energy. (rN+)
You are resistant to electric shocks. (rElec)
You are resistant to unholy torment.
You are immune to petrification.


   Skills:
 - Level 5.5 Fighting
 + Level 8.1 Ranged Weapons
 - Level 1.2 Armour
 - Level 2.2 Dodging
 - Level 1.1 Stealth


You had 7 spell levels left.
You didn't know any spells.
Your spell library was empty.

Inventory:

Hand Weapons
 Y - a +2 shortbow (weapon)
Armour
 b - a +2 robe of resistance (worn)
 e - a +3 leather armour of cold resistance
Jewellery
 k - an amulet of the acrobat (around neck)
Scrolls
 a - 2 scrolls of identify
 c - a scroll of enchant armour {unknown}
Potions
 d - a potion of cancellation
 f - a potion of curing
 i - a potion of magic {unknown}
 m - a potion of might
 n - a potion of mutation {unknown}

Dungeon Overview and Level Annotations

Branches:
Dungeon (5/15)
 Temple: D:4-7

Altars:
Qazlal
Trog
Zin

Shops:
D:3 ?[:   D:4 =[


Message History

The gnoll bouda gazes fiercely through you!
You feel your attacks grow feeble.
The gnoll bouda hits you but does no damage.
You shoot an arrow.
The arrow barely misses the gnoll bouda.
The gnoll hits you from afar with a +0 halberd!
The gnoll bouda utters an invocation to its god.
The gnoll bouda is healed somewhat.
The gnoll misses you.
You shoot an arrow.
The arrow barely misses the gnoll bouda.
The gnoll misses you. The gnoll bouda barely misses you.
The gnoll barely misses you.
You shoot an arrow.
The arrow hits the gnoll bouda but does no damage.
The gnoll bouda is heavily wounded.
The gnoll splashes around in the water.
The gnoll bouda barely misses you.
The gnoll hits you from afar with a +0 halberd.
You shoot an arrow. The arrow hits the gnoll bouda.
The gnoll bouda is almost dead.
Your attacks no longer feel as feeble.
The gnoll closely misses you.
The gnoll bouda hits you with a +0 whip!
The gnoll hits you from afar with a +0 halberd!
You shoot an arrow.
The arrow hits the gnoll bouda but does no damage.
The gnoll bouda is almost dead.
The gnoll barely misses you.
The gnoll bouda calls upon its god to heal the gnoll.
The gnoll is healed somewhat.
The gnoll closely misses you.
You shoot an arrow. The arrow hits the gnoll bouda!
You kill the gnoll bouda!
The gnoll is no longer moving quickly.
The gnoll misses you.
The gnoll hits you from afar with a +0 halberd!
You have reached level 8!
You feel clever.
3158 ||| READING scroll of teleportation.
As you read the scroll of teleportation, it crumbles to dust.
You feel strangely unstable.
The gnoll is no longer moving quickly.
The gnoll hits you from afar with a +0 halberd!
You die...

. #. #.# ~#..#.## #.#
~~.~~...# #.#
~)~.7~.~###.##########
.~....~~.............#
..~...~#...########.#
..#~.~g.....# #.#
7~~..g7)##..# #.#
#~...~.@....# #.#
#~~..~~~##.## #.###
#~.~...###.# #....
#.##.## #.# ##### # #.
#.# . ..# # ###


You could see 2 gnolls.

Vanquished Creatures
  Grinder (D:3)
  2 sky beasts (D:4)
  An ogre (D:4)
  A kobold brigand (D:5)
  A gnoll bouda (D:5)
  3 hounds
  Terence (D:3)
  An orc wizard (D:3)
  A gnoll (D:5)
  7 adders
  2 worms (D:4)
  8 orcs (D:3)
  2 ball pythons
  7 bats
  6 endoplasms
  2 giant cockroaches (D:1)
  7 goblins
  6 hobgoblins
  12 kobolds
  7 frilled lizards
  2 rats
80 creatures vanquished.

Notes
Turn   | Place    | Note
-------+----------+-------------------------------------------
     0 | D:1      | qw the Gargoyle Hunter began the quest for the Orb.
     0 | D:1      | Reached XP level 1. HP: 12/12 MP: 1/1
     0 | D:1      | 0 ||| qw: Version: 0.3-a-76-g4403597
     0 | D:1      | 0 ||| qw: Game counter: 870
     0 | D:1      | 0 ||| qw: Melee chars always use a shield: true
     0 | D:1      | 0 ||| qw: God list: Okawaru
     0 | D:1      | 0 ||| qw: Allow faded altars: false
     0 | D:1      | 0 ||| qw: Do Orc after clearing Dungeon:15 true
     0 | D:1      | 0 ||| qw: Do second Lair branch before Depths: true
     0 | D:1      | 0 ||| qw: Lair rune preference: random
     0 | D:1      | 0 ||| qw: Goals: Normal
     0 | D:1      | 0 ||| PLANNING D:1-11
   171 | D:1      | Reached XP level 2. HP: 17/17 MP: 2/2
   471 | D:1      | Reached XP level 3. HP: 21/21 MP: 3/3
   636 | D:1      | Reached skill level 5 in Ranged Weapons
   687 | D:1      | You fall into a shaft and drop 1 floor!
   871 | D:2      | 871 ||| UPGRADING to +0 ring mail.
   881 | D:2      | 881 ||| DROPPING +0 leather armour.
   882 | D:2      | 882 ||| UPGRADING to amulet of the acrobat.
   887 | D:2      | 887 ||| READING 3 scrolls labelled ATZEICL OCUOJE.
   888 | D:2      | 888 ||| READING scroll labelled NIOROP DAUM.
   889 | D:2      | 889 ||| READING scroll labelled WET GOHOO.
   894 | D:2      | 894 ||| READING 2 scrolls labelled QEBYNY FUTZYAV.
   895 | D:2      | 895 ||| READING 2 scrolls of identify.
   895 | D:2      | 895 ||| IDENTIFYING silvery potion
   896 | D:2      | 896 ||| DROPPING scroll of butterflies.
   897 | D:2      | 897 ||| DROPPING potion of invisibility.
   898 | D:2      | 898 ||| DROPPING scroll of immolation.
  1216 | D:2      | Reached skill level 1 in Armour
  1231 | D:2      | 1231 ||| READING scroll of enchant weapon.
  1231 | D:2      | 1231 ||| ENCHANTING +1 shortbow.
  1262 | D:2      | Reached XP level 4. HP: 27/27 MP: 4/4
  1425 | D:3      | Reached skill level 3 in Fighting
  1459 | D:3      | Found Ejofitru's Antique Armour Emporium.
  1463 | D:3      | 1463 ||| BUYING embroidered robe (85 gold).
  1463 | D:3      | Bought an embroidered robe for 85 gold pieces
  1463 | D:3      | 1463 ||| SHOPLISTING pair of boots (103 gold, have 10).
  1473 | D:3      | Noticed Terence
  1482 | D:3      | Killed Terence
  1548 | D:3      | Reached XP level 5. HP: 25/32 MP: 5/5
  1599 | D:3      | Found Jemolot's Book Shop.
  1824 | D:3      | Found Paymall's Magic Scroll Shoppe.
  1833 | D:3      | 1833 ||| SHOPLISTING scroll of acquirement (520 gold, have
                  | 46).
  1833 | D:3      | 1833 ||| SHOPLISTING scroll of enchant armour (75 gold,
                  | have 46).
  1833 | D:3      | 1833 ||| BUYING scroll of identify (20 gold).
  1833 | D:3      | Bought a scroll of identify for 20 gold pieces
  1833 | D:3      | 1833 ||| BUYING scroll of identify (20 gold).
  1833 | D:3      | Bought a scroll of identify for 20 gold pieces
  1833 | D:3      | 1833 ||| SHOPLISTING scroll of identify (20 gold, have 6).
  1958 | D:3      | 1958 ||| FLEEEEING.
  1959 | D:3      | 1959 ||| FLEEEEING.
  1960 | D:3      | 1960 ||| FLEEEEING.
  1961 | D:3      | 1961 ||| FLEEEEING.
  1962 | D:3      | 1962 ||| FLEEEEING.
  1965 | D:3      | 1965 ||| FLEEEEING.
  1966 | D:3      | 1966 ||| FLEEEEING.
  1967 | D:3      | 1967 ||| FLEEEEING.
  1968 | D:3      | 1968 ||| FLEEEEING.
  1969 | D:3      | 1969 ||| FLEEEEING.
  1970 | D:3      | 1970 ||| FLEEEEING.
  1971 | D:3      | 1971 ||| FLEEEEING.
  1972 | D:3      | 1972 ||| FLEEEEING.
  1973 | D:3      | 1973 ||| FLEEEEING.
  1974 | D:3      | 1974 ||| FLEEEEING.
  1975 | D:3      | 1975 ||| FLEEEEING.
  1976 | D:3      | 1976 ||| FLEEEEING.
  1977 | D:3      | 1977 ||| FLEEEEING.
  1979 | D:3      | 1979 ||| FLEEEEING.
  1980 | D:3      | 1980 ||| FLEEEEING.
  1981 | D:3      | 1981 ||| FLEEEEING.
  1982 | D:3      | 1982 ||| FLEEEEING.
  1983 | D:3      | 1983 ||| FLEEEEING.
  1984 | D:3      | 1984 ||| FLEEEEING.
  1986 | D:3      | 1986 ||| FLEEEEING.
  1987 | D:3      | 1987 ||| FLEEEEING.
  1988 | D:3      | 1988 ||| FLEEEEING.
  1989 | D:3      | 1989 ||| STAIRDANCE
  2009 | D:2      | 2009 ||| UPGRADING to +2 robe of resistance.
  2019 | D:2      | 2019 ||| DROPPING +0 ring mail.
  2020 | D:2      | 2020 ||| DRINKING 2 lumpy golden potions.
  2021 | D:2      | 2021 ||| READING 4 scrolls of identify.
  2021 | D:2      | 2021 ||| IDENTIFYING fuming coppery potion
  2022 | D:2      | 2022 ||| READING 3 scrolls of identify.
  2022 | D:2      | 2022 ||| IDENTIFYING sedimented golden potion
  2023 | D:2      | 2023 ||| READING 2 scrolls of identify.
  2023 | D:2      | 2023 ||| IDENTIFYING glowing puce potion
  2024 | D:2      | 2024 ||| DROPPING potion of ambrosia.
  2038 | D:3      | 2038 ||| DRINKING potion of curing.
  2038 | D:3      | 2038 ||| (to cure confusion)
  2046 | D:3      | Reached skill level 6 in Ranged Weapons
  2091 | D:3      | 2091 ||| READING 2 scrolls of identify.
  2091 | D:3      | 2091 ||| IDENTIFYING black potion
  2140 | D:4      | Noticed Grinder
  2140 | D:4      | Found a bloodstained altar of Trog.
  2140 | D:4      | Found a glowing silver altar of Zin.
  2142 | D:4      | 2142 ||| STAIRDANCE
  2152 | D:3      | HP: 8/32 [Grinder (2)]
  2153 | D:3      | 2153 ||| READING scroll of teleportation.
  2154 | D:3      | 2154 ||| DRINKING potion of heal wounds.
  2181 | D:3      | Paralysed by Grinder for 2 turns
  2184 | D:3      | Killed Grinder
  2185 | D:3      | Reached XP level 6. HP: 37/40 MP: 6/6
  2205 | D:4      | 2205 ||| STAIRDANCE
  2227 | D:4      | Found Saimpoitz's Jewellery Shoppe.
  2235 | D:4      | 2235 ||| SHOPLISTING +6 ring of strength (360 gold, have
                  | 17).
  2235 | D:4      | 2235 ||| SHOPLISTING ring of protection from cold (250
                  | gold, have 17).
  2235 | D:4      | 2235 ||| SHOPLISTING ring of see invisible (150 gold, have
                  | 17).
  2250 | D:4      | Found Lekuec's Armour Emporium.
  2256 | D:4      | 2256 ||| SHOPLISTING +0 helmet (45 gold, have 21).
  2256 | D:4      | 2256 ||| SHOPLISTING +0 pair of gloves (45 gold, have 21).
  2256 | D:4      | 2256 ||| SHOPLISTING +1 cloak (115 gold, have 21).
  2256 | D:4      | 2256 ||| SHOPLISTING +3 ring mail of poison resistance (230
                  | gold, have 21).
  2358 | D:4      | Reached XP level 7. HP: 44/44 MP: 7/7
  2407 | D:4      | Reached skill level 7 in Ranged Weapons
  2566 | D:4      | Found a stormy altar of Qazlal.
  2576 | D:4      | 2576 ||| Stepping ~*~*~tactically~*~*~ (water).
  2909 | D:4      | 2909 ||| READING scroll labelled ICUABEKUZA.
  2910 | D:4      | 2910 ||| READING scroll labelled ECYUGU QEXZES.
  2911 | D:4      | 2911 ||| READING 2 scrolls of identify.
  2911 | D:4      | 2911 ||| IDENTIFYING clear potion
  2912 | D:4      | 2912 ||| DROPPING potion of attraction.
  2914 | D:5      | Entered Level 5 of the Dungeon
  3141 | D:5      | Reached skill level 8 in Ranged Weapons
  3157 | D:5      | HP: 3/44 [gnoll/+0 halberd[a gnoll bouda] (10)]
  3158 | D:5      | Reached XP level 8. HP: 3/50 MP: 8/8
  3158 | D:5      | 3158 ||| READING scroll of teleportation.
  3158 | D:5      | Mangled by a gnoll

Levels and vault maps discovered:
D:1:      onia_arrival_pentagram, layout_basic
D:2:      layout_rooms, serial_glass, glass_columns_a, glass_columns_a
D:3:      layout_rooms, serial_shops, shop, nicolae_shop_stone, shop,
          uniq_terence
D:4:      layout_basic, nicolae_qazlal_beasts_of_the_sky,
          mainiacjoe_overflow_catwalk_spiral, serial_shops, shop,
          nicolae_shop_gibbet_a_chance, uniq_grinder
D:5:      layout_loops_ring, st_stairs_9, chequers_serial_rivers_marsh,
          lemuel_flame_loot_1

Skill      XL: |  1  2  3  4  5  6  7 |
---------------+----------------------+-----
Ranged Weapons | 5 6 8 |  8.1
Armour         | 1 |  1.2
Fighting       | 3 5 |  5.5
Dodging        | 2 |  2.2
Stealth        | |  1.1

Action                     |  1- 3 |  4- 6 |  7- 9 || total
---------------------------+-------+-------+-------++-------
   Fire: Shortbow          |   119 |   114 |   104 ||   337
    Use: Scroll            |     6 |     5 |     4 ||    15
         Potion            |       |     3 |       ||     3
 Armour: Leather armour    |    19 |       |       ||    19
         Ring mail         |     9 |    32 |       ||    41
         Robe              |       |    19 |    34 ||    53
  Dodge: Dodged            |    23 |    36 |    33 ||    92

Table legend:
 A = Non-vault XP
 B = Vault XP
 C = Vault XP percentage of total XP
 D = Non-vault monster count
 E = Vault monster count
 F = Vault count percentage of total count
                 A         B        C        D         E       F
            +---------+---------+-------+---------+---------+-------
      Total |     774 |     458 |  37.2 |      77 |       3 |   3.8
            +---------+---------+-------+---------+---------+-------
        D:1 |      47 |       0 |   0.0 |      30 |       0 |   0.0
        D:2 |      37 |       0 |   0.0 |       8 |       0 |   0.0
        D:3 |     127 |     331 |  72.3 |      21 |       2 |   8.7
        D:4 |     360 |     127 |  26.1 |      10 |       1 |   9.1
        D:5 |     203 |       0 |   0.0 |       8 |       0 |   0.0
            +---------+---------+-------+---------+---------+-------
